 Dungeon Crawl Stone Soup version 0.24.0-37-gcf1ca852f1 (webtiles) character file.

Game seed: 14871341022328518598, levelgen mode: deterministic

2767 Kobolds4U the Slicer (level 9, -5/45 HPs)
             Began as a Deep Elf Conjurer on Dec 1, 2019.
             Was a Follower of Vehumet.
             Slain by Grum
             ... wielding a -2 glaive
              (6 damage)
             ... on level 8 of the Dungeon.
             The game lasted 00:26:21 (8974 turns).

Kobolds4U the Slicer (Deep Elf Conjurer)            Turns: 8974, Time: 00:26:22

Health: -5/45      AC: 10    Str:  8    XL:     9   Next: 42%
Magic:  20/22      EV: 13    Int: 21    God:    Vehumet [*.....]
Gold:   230        SH:  0    Dex: 15    Spells: 8/23 levels left

rFire    + . .     SeeInvis +   s - +0 dagger (elec)
rCold    . . .     Gourm    .   (no shield)
rNeg     . . .     Faith    .   u - +2 robe {Archmagi}
rPois    .         Spirit   .   i - +0 helmet
rElec    .         Reflect  .   l - +0 cloak
rCorr    .         Harm     .   v - +2 pair of gloves
MR       .....                  x - +0 pair of boots (curse)
Stlth    ++........             (no amulet)
HPRegen  0.15/turn              m - ring of protection from fire
MPRegen  0.18/turn              o - ring of see invisible

@: about to teleport
A: no striking features
a: Renounce Religion


You were on level 8 of the Dungeon.
You worshipped Vehumet.
Vehumet was aware of your devotion.
You were not hungry.

You visited 1 branch of the dungeon, and saw 7 of its levels.

You collected 404 gold pieces.
You spent 174 gold pieces at shops.

Inventory:

Hand Weapons
 f - a +0 rapier
 n - a +0 dagger of venom
 q - a +1 dagger of freezing
 s - a +0 dagger of electrocution (weapon)
Missiles
 t - 11 boomerangs (quivered)
Armour
 i - a +0 helmet (worn)
 l - a +0 cloak (worn)
 u - a +2 robe of the Archmagi (worn)
 v - a +2 pair of gloves (worn)
 x - a cursed +0 pair of boots (worn)
 F - a +3 leather armour of magic resistance
 G - the +1 leather armour "Qokheg" {Int+9, unknown}
   (You found it on level 8 of the Dungeon)

   It affects your intelligence (+9).
Jewellery
 m - a ring of protection from fire (left hand)
 o - a ring of see invisible (right hand)
Wands
 y - a wand of digging (3)
 E - a wand of paralysis (9)
Scrolls
 b - 2 scrolls of teleportation
 d - 2 scrolls of enchant weapon
 e - 3 scrolls of blinking
 g - 4 scrolls of identify
 j - 5 scrolls of fear
 p - 2 scrolls of amnesia
 r - a scroll of immolation
 C - a scroll of remove curse {unknown}
Potions
 a - a potion of ambrosia
 h - 2 potions of lignification
 k - a potion of heal wounds
 w - a potion of cancellation
 z - a potion of resistance
 B - a potion of curing
 D - a potion of mutation {unknown}
Comestibles
 c - 9 rations


   Skills:
 * Level 8.5 Short Blades
 - Level 2.4 Dodging
 - Level 2.4 Stealth
 + Level 7.9 Spellcasting
 - Level 6.0 Conjurations
 - Level 6.0 Hexes
 * Level 5.5 Translocations


You had 8 spell levels left.
You knew the following spells:

 Your Spells              Type           Power        Failure   Level  Hunger
a - Magic Dart            Conj           ####         1%          1    None
b - Searing Ray           Conj           ######       1%          2    None
c - Dazzling Spray        Conj/Hex       ######       1%          3    None
d - Force Lance           Conj/Tloc      #####...     8%          4    ###....
e - Iskenderun's Mystic   Conj           ######..     7%          4    ###....
f - Shock                 Conj/Air       ####         2%          1    None

Your spell library contained the following spells:

 Spells                   Type           Power        Failure   Level  Hunger
 Fulminant Prism          Conj/Hex       ######....   7%          4    ###....


Dungeon Overview and Level Annotations

Branches:
Dungeon (6/15)
 Temple: D:4-7

Altars:
Hepliaklqana
Uskayaw
Vehumet
The Shining One

Shops:
D:6 ?

Annotations:
D:8 Grum


Message History

Press: ? - help, Shift-Dir - straight line, f - black bear
Aim: a black bear You feel a surge of power!
The zap hits the wolf!
The wolf is moderately wounded.
The zap hits Grum.
Grum is lightly wounded.
The zap hits the wolf!
The wolf is moderately wounded.
The zap hits the black bear.
The black bear is moderately wounded.
The wolf bites you! The wolf bites you but does no damage.
Grum barks.
Grum hits you from afar with a -2 glaive!!
* * * LOW HITPOINT WARNING * * *
The wolf bites you.
* * * LOW HITPOINT WARNING * * *
As you read the scroll of teleportation, it crumbles to dust.
You feel strangely unstable. The wolf bites you but does no damage.
Grum hits you from afar with a -2 glaive.
You die...

###.............##........#
#.#
....###.......##.#..#.###.#
#.# ##### ##.....###..#.#.#
#.# #.# ##...## #.##.#.#
#.# #.# ##.## #h##.#.#
#.#####.# #.#
#h##.#.###........ #.#
#g##.............# #.###
#h########<####### #...#
#@# #.# # ###.###(## #.# #
#.##...### #.# #
#........#####.# #
#.##...#.......#######
#.###.##..............
########.#
#.##..############
#........# #.##..#
#.######.# #.....#


You could see Grum, a black bear and 2 wolves.

Vanquished Creatures
  Pikel (D:6)
  Sigmund (D:3)
  3 orc warriors
  2 phantoms
  A slave (D:6)
  5 ogres
  2 centaurs
  A scorpion (D:4)
  4 killer bees (D:4)
  A wight (D:6)
  A howler monkey (D:5)
  4 hounds
  A jelly (D:5)
  A quasit (D:8)
  2 bullfrog skeletons (D:6)
  A centaur skeleton (D:4)
  An iguana (D:5)
  4 worker ants
  6 orc wizards
  A worker ant zombie (D:5)
  3 gnolls (D:2)
  11 adders
  2 shadow imps
  3 worms (D:2)
  A dart slug (D:1)
  3 leopard geckos
  31 orcs
  3 ball pythons
  10 bats
  5 giant cockroaches
  11 goblins
  5 hobgoblins
  2 jackals (D:5)
  13 kobolds
  5 quokkas
  6 frilled lizards
  A jackal zombie (D:6)
  8 rats
166 creatures vanquished.

Vanquished Creatures (others)
  2 slaves (D:6)
  A wight (D:6)
3 creatures vanquished.

Grand Total: 169 creatures vanquished

Notes
Turn   | Place    | Note
-------+----------+-------------------------------------------
     0 | D:1      | Kobolds4U the Deep Elf Conjurer began the quest for the
                  | Orb.
     0 | D:1      | Reached XP level 1. HP: 10/10 MP: 6/6
   337 | D:1      | Reached XP level 2. HP: 15/15 MP: 6/9
   430 | D:1      | Learned a level 2 spell: Searing Ray
  1271 | D:2      | Reached XP level 3. HP: 19/19 MP: 8/11
  1331 | D:2      | Reached skill level 5 in Spellcasting
  1907 | D:1      | Learned a level 3 spell: Dazzling Spray
  1911 | D:2      | Reached XP level 4. HP: 5/24 MP: 9/13
  2720 | D:3      | Reached skill level 5 in Conjurations
  2727 | D:3      | Reached skill level 1 in Short Blades
  2948 | D:3      | Reached XP level 5. HP: 25/28 MP: 8/15
  3110 | D:3      | Noticed Sigmund
  3120 | D:3      | Killed Sigmund
  3120 | D:3      | Reached skill level 2 in Short Blades
  3120 | D:3      | Reached XP level 6. HP: 32/32 MP: 10/17
  4058 | D:4      | HP: 1/48 [killer bee (4)]
  4067 | D:4      | Reached skill level 5 in Hexes
  4067 | D:4      | Reached XP level 7. HP: 4/36 MP: 10/18
  4068 | D:4      | Reached skill level 3 in Short Blades
  4346 | D:4      | Learned a level 4 spell: Force Lance
  4504 | D:4      | Found a radiant altar of Vehumet.
  4912 | D:4      | Reached skill level 4 in Short Blades
  5173 | D:4      | Reached skill level 5 in Short Blades
  5252 | D:4      | Reached skill level 1 in Translocations
  5252 | D:4      | Reached XP level 8. HP: 41/41 MP: 15/19
  5356 | D:5      | Entered Level 5 of the Dungeon
  6156 | D:5      | Reached skill level 6 in Short Blades
  6599 | D:5      | Found a hazy altar of Hepliaklqana.
  6716 | D:4      | Became a worshipper of Vehumet
  7327 | D:6      | Found a hide-covered altar of Uskayaw.
  7387 | D:6      | Reached skill level 7 in Short Blades
  7532 | D:6      | Found Dyegh's Magic Scroll Emporium.
  7548 | D:6      | Bought a scroll of identify for 24 gold pieces
  7548 | D:6      | Bought a scroll of identify for 24 gold pieces
  7548 | D:6      | Bought a scroll of teleportation for 36 gold pieces
  7548 | D:6      | Bought a scroll of blinking for 90 gold pieces
  7783 | D:6      | Learned a level 4 spell: Iskenderun's Mystic Blast
  7810 | D:6      | Noticed Pikel
  7824 | D:6      | Killed Pikel
  7824 | D:6      | Reached * piety under Vehumet
  7824 | D:6      | Offered knowledge of Shock by Vehumet.
  7824 | D:6      | Reached skill level 8 in Short Blades
  7824 | D:6      | Reached XP level 9. HP: 31/45 MP: 10/22
  7915 | D:6      | Learned a level 1 spell: Shock
  8124 | D:6      | You fall into a shaft and drop 2 floors!
  8228 | D:8      | Reached skill level 5 in Translocations
  8425 | D:8      | Got a translucent leather armour
  8957 | D:8      | Found a glowing golden altar of the Shining One.
  8957 | D:8      | Noticed Grum
  8973 | D:8      | HP: 1/45 [wolf[Grum] (5)]
  8974 | D:8      | Slain by Grum

Levels and vault maps discovered:
D:1:      minmay_arrival_checkered_box, layout_basic
D:2:      layout_loops_ring, first_ration
D:3:      layout_basic, wad_rectangle_vault, uniq_sigmund
D:4:      layout_loops_ring, lemuel_crystal_altar
D:5:      layout_cave_pods, nicolae_overflow_crystal_walls
D:6:      layout_loops_cross, eat_drink_and_be_merry_uskayaw,
          minmay_temple_entry_trees, serial_shops, shop,
          chequers_serial_rivers_micro_c, minmay_between, uniq_pikel
D:8:      layout_loops_ring, kennysheep_little_box, uniq_grum,
          uniq_prince_ribbit1

Skill      XL: |  1  2  3  4  5  6  7  8  9 |
---------------+----------------------------+-----
Spellcasting   | 4 5 6 7 |  7.9
Conjurations   | 5 6 |  6.0
Short Blades   | 1 2 5 8 |  8.5
Hexes          | 3 5 6 |  6.0
Translocations | 1 4 5 |  5.5
Dodging        | |  2.4
Stealth        | |  2.4

Action                   |  1- 3 |  4- 6 |  7- 9 || total
-------------------------+-------+-------+-------++-------
Melee: Unarmed           |     1 |       |       ||     1
       Short sword       |       |     9 |       ||     9
       Dagger            |       |    31 |    92 ||   123
Throw: Boomerang         |       |     1 |       ||     1
 Cast: Magic Dart        |    66 |    72 |   120 ||   258
       Searing Ray       |     4 |    10 |    22 ||    36
       Dazzling Spray    |       |       |     9 ||     9
       Iskenderun's Myst |       |       |     3 ||     3
       Shock             |       |       |     3 ||     3
  Use: Potion            |       |     4 |       ||     4
       Scroll            |       |       |     9 ||     9
 Stab: Sleeping          |     1 |     3 |     4 ||     8
  Eat: Chunk             |     3 |     6 |    12 ||    21
       Ration            |       |       |     1 ||     1
Armor: Robe              |    10 |    32 |    43 ||    85
       Skin              |       |    13 |     1 ||    14
Dodge: Dodged            |    23 |    56 |    79 ||   158
